 Dungeon Crawl Stone Soup version 0.24-a0-584-g9d6b971ae4 (webtiles) character file.

Game seed: 8589727658136933413, levelgen mode: deterministic

53 DEFE the Cudgeler (level 3, -5/31 HPs)
             Began as a Draconian Fighter on Aug 30, 2019.
             Was an Initiate of Uskayaw.
             Slain by a +1 glaive of speed (11 damage)
             ... created by the rancor of the Wu Jian Council
             ... on level 2 of the Dungeon.
             The game lasted 00:01:51 (1691 turns).

DEFE the Cudgeler (Draconian Fighter)               Turns: 1691, Time: 00:01:51

Health: -5/31      AC:  5    Str: 19    XL:     3   Next: 62%
Magic:  3/3        EV: 10    Int:  8    God:    Uskayaw [......]
Gold:   92         SH: 10    Dex: 10    Spells: 2/2 levels left

rFire    . . .     SeeInvis .   a - +0 flail
rCold    + . .     Gourm    .   b - +1 shield
rNeg     . . .     Faith    .   (armour unavailable)
rPois    .         Spirit   .   (helmet restricted)
rElec    .         Reflect  .   (no cloak)
rCorr    .         Harm     .   (no gloves)
MR       +....                  (no boots)
Stlth    +.........             (no amulet)
HPRegen  0.10/turn              f - ring of protection from cold
MPRegen  0.08/turn              l - ring of protection from magic

@: no status effects
A: unfitting armour, cold-blooded, AC +5
a: Renounce Religion


You were on level 2 of the Dungeon.
You worshipped Uskayaw.
Uskayaw was noncommittal.
You were not hungry.

You visited 1 branch of the dungeon, and saw 2 of its levels.

You collected 92 gold pieces.

Inventory:

Hand Weapons
 a - a +0 flail (weapon)
Armour
 b - a +1 shield (worn)
Jewellery
 f - a ring of protection from cold (left hand)
 l - a ring of protection from magic (right hand)
Scrolls
 g - a scroll of random uselessness
 i - 3 scrolls of remove curse
 j - 5 scrolls of identify
 k - 2 scrolls of amnesia {unknown}
 m - a scroll of fog {unknown}
Potions
 c - a potion of might
 h - a potion of haste {unknown}
 n - 2 potions of mutation {unknown}
 o - a potion of degeneration {unknown}
 p - a potion of heal wounds {unknown}
 q - a potion of curing {unknown}
Comestibles
 d - 7 rations


   Skills:
 + Level 3.2 Fighting
 - Level 4.1 Maces & Flails
 - Level 2.6 Dodging
 - Level 3.0 Shields


You had 2 spell levels left.
You didn't know any spells.
Your spell library was empty.

Dungeon Overview and Level Annotations

Branches:
Dungeon (2/15)

Altars:
Uskayaw
Wu Jian


Innate Abilities, Weirdness & Mutations

Your plain brown scales are hard. (AC +5)
You cannot fit into any form of body armour.
You are cold-blooded and may be slowed by cold attacks.


Message History

As you read the scroll labeled QIWUCUCS MILAOWI, it crumbles to dust.
It is a scroll of enchant armour.
Your +0 shield glows green for a moment.
The +1 quarterstaff of freezing hits you.
The +1 glaive of speed hits you from afar!
* * * LOW HITPOINT WARNING * * *
You take 15 damage, and have 6/31 hp.
MASSIVE DAMAGE!!
Unknown command.
As you read the scroll labeled DEEMEE BUVACRA, it crumbles to dust.
You feel blessed for a moment.
It was a scroll of remove curse.
You feel yourself speed up.
You block the +1 quarterstaff of freezing's attack.
As you read the scroll labeled BAEDDUOSYPY, it crumbles to dust.
It is a scroll of identify.
g - a scroll of random uselessness The +1 quarterstaff of freezing hits you.
* * * LOW HITPOINT WARNING * * *
The +1 glaive of speed hits you from afar!
You die...

.≈≈≈≈≈≈≈≈≈≈.#..#.........#
.≈≈≈.≈.≈≈≈.≈...#.#.#####.#
≈≈≈≈._≈≈≈≈..#..#.#.#<..#.#
.≈≈≈≈♣≈≈≈≈≈.#..#.#.#.###.#
.≈≈≈≈≈≈≈≈≈≈.#..#.#.#.....#
.≈≈≈≈≈≈≈≈≈.≈#..#.#.#######
.≈≈≈≈≈≈≈≈≈..#....#..
.≈.≈.≈≈.≈..≈..#######
...........≈..(.@((.#
......###.###.#####.....
......# #.# #.# ###
......# #.###.# ......#
#..##.# #####.# ##.##.#
#.####.##.###
#.##.......(#########
#.##........##......#


You could see 3 dancing weapons.

Vanquished Creatures
  A dancing weapon (D:2)
  3 adders (D:2)
  A dart slug (D:1)
  A leopard gecko (D:1)
  A ball python (D:2)
  2 goblins
  5 hobgoblins
  3 jackals (D:1)
  2 bats
  2 frilled lizards
  2 kobolds (D:1)
  2 rats (D:1)
25 creatures vanquished.

Notes
Turn   | Place    | Note
-------+----------+-------------------------------------------
     0 | D:1      | DEFE the Draconian Fighter began the quest for the Orb.
     0 | D:1      | Reached XP level 1. HP: 19/19 MP: 1/1
   371 | D:1      | Reached XP level 2. HP: 26/26 MP: 2/2
   471 | D:1      | Reached skill level 3 in Maces & Flails
  1151 | D:2      | Found a faded altar of an unknown god.
  1206 | D:2      | Became a worshipper of the Wu Jian Council
  1206 | D:2      | Reached * piety under Wu Jian
  1207 | D:2      | Fell from the grace of Wu Jian
  1220 | D:2      | Reached XP level 3. HP: 31/31 MP: 3/3
  1555 | D:2      | Reached skill level 4 in Maces & Flails
  1561 | D:2      | Found a hide-covered altar of Uskayaw.
  1578 | D:2      | Became a worshipper of Uskayaw the Reveler
  1687 | D:2      | Noticed a +1 broad axe of speed
  1687 | D:2      | Noticed a +1 quarterstaff of freezing
  1687 | D:2      | Noticed a +3 dire flail of freezing
  1687 | D:2      | Noticed a +1 glaive of speed
  1687 | D:2      | Killed a +1 broad axe of speed
  1691 | D:2      | Slain by a +1 glaive of speed

Levels and vault maps discovered:
D:1:      wander_arrival_desolate, layout_basic, corexii_leaking_fountain
D:2:      layout_basic, eat_drink_and_be_merry_uskayaw,
          chequers_ecumenical_altar_island

Skill      XL: |  1  2  3 |
---------------+----------+-----
Maces & Flails | 3 4 |  4.1
Fighting       | |  3.2
Dodging        | |  2.6
Shields        | |  3.0

Action                   || total
-------------------------++-------
Melee: Flail             ||    68
       Tailslap          ||     5
Invok: Renounce Religion ||     1
  Use: Scroll            ||     3
  Eat: Chunk             ||     2
Armor: Skin              ||    14
Dodge: Dodged            ||    38
Block: Shield            ||    33

Table legend:
 A = Non-vault XP
 B = Vault XP
 C = Vault XP percentage of total XP
 D = Non-vault monster count
 E = Vault monster count
 F = Vault count percentage of total count
                 A         B        C        D         E       F
            +---------+---------+-------+---------+---------+-------
      Total |      76 |       0 |   0.0 |      24 |       0 |   0.0
            +---------+---------+-------+---------+---------+-------
        D:1 |      23 |       0 |   0.0 |      13 |       0 |   0.0
        D:2 |      53 |       0 |   0.0 |      11 |       0 |   0.0
            +---------+---------+-------+---------+---------+-------
